Cogmind - Beta 13 @@@ ROGUE MODE // 2024.07.08 @ 10:15:37 Player: ThatBishHoly Result: Destroyed by G-47 Trooper with Particle Gun Performance ------------- Evolutions (3) 1500 Regions Visited (4) 800 Robots Destroyed (32) 160 Value Destroyed (853) 853 Prototype IDs (2) 40 Alien Tech Used (0) 0 Bonus (211) 211 TOTAL SCORE: 3564 Bonus ------- Pacifist 200 High Alert Combat Kills 11 Cogmind --------- Core Integrity 0/700 Matter 70/300 Energy 51/100 System Corruption 1% Temperature Cool (10) Movement Treading (170) Location -7/Factory Parts ------- > --- POWER (2) -------- (None) > --- PROPULSION (4) --- Armored Treads > --- UTILITY (5) ------ Medium Storage Unit Signal Interpreter > --- WEAPON (2) ------- Cooled Pulse Rifle Cooled Pulse Rifle > --- INVENTORY (10) --- Faulty Improved Cesium-ion Thruster Light Cannon Peak State ------------ > --- POWER ------------ (None) > --- PROPULSION ------- Improved Cesium-ion Thruster Improved Cesium-ion Thruster > --- UTILITY ---------- Medium Storage Unit High-capacity Matter Pod Signal Interpreter Targeting Computer Hacking Suite > --- WEAPON ----------- Katana > --- INVENTORY -------- Cooled Pulse Rifle Cooled Pulse Rifle Light Cannon [Rating: 21] Favorites ----------- Power Light Ion Engine Engine Light Ion Engine Power Core Light Nuclear Core Propulsion Light Treads Treads Light Treads Leg Aluminum Leg Flight Unit Improved Cesium-ion Thruster Utility High-capacity Matter Pod Device Shield Generator Storage High-capacity Matter Pod Processor Signal Interpreter Hackware Hacking Suite Weapon Assault Rifle Energy Gun Cooled Pulse Rifle Ballistic Gun Assault Rifle Launcher Grenade Launcher Slashing Weapon Katana Build | -11 -10 -9 -8 -7 ------- Run | Yrd Mat Mat Mat Fac Slots Evolved 6 | . . 2 2 2 Power 1 | . . . . 1 Propulsion 2 | . . 2 . . Utility 3 | . . . 2 1 Weapon . | . . . . . Parts Attached 34 | 6 1 13 5 9 Power 5 | 1 . 2 2 . Engine 3 | 1 . 2 . . Core 2 | . . . 2 . Reactor . | . . . . . Propulsion 14 | 2 . 9 . 3 Treads 5 | 2 . 2 . 1 Leg 7 | . . 7 . . Wheel . | . . . . . Hover . | . . . . . Flight 2 | . . . . 2 Utility 7 | 1 1 . 3 2 Device 1 | . . . 1 . Storage 3 | 1 1 . 1 . Processor 2 | . . . . 2 Hackware 1 | . . . 1 . Protection . | . . . . . Artifact . | . . . . . Weapon 8 | 2 . 2 . 4 Energy Gun 2 | . . . . 2 Energy Cannon . | . . . . . Ballistic Gun 3 | 2 . 1 . . Ballistic Cannon . | . . . . . Launcher 2 | . . 1 . 1 Special Weapon . | . . . . . Impact Weapon . | . . . . . Slashing Weapon 1 | . . . . 1 Piercing Weapon . | . . . . . Special Melee Weapon . | . . . . . Unidentified Prototypes 2 | . . . . 2 Parts Lost 21 | . . 5 7 9 Power 3 | . . 1 2 . Propulsion 8 | . . 2 3 3 Utility 4 | . . . 1 3 Weapon 6 | . . 2 1 3 Highest Loss Streak 7 | . . 5 7 6 To Critical Strikes . | . . . . . Average Slot Usage (%) 83 | . 92 85 94 55 Engine 8 | . 14 10 3 . Treads 14 | . 28 13 . . Leg 10 | . . 17 34 4 Device 1 | . . . 9 . Storage 19 | . 21 22 18 14 Processor 2 | . . . . 13 Hackware 2 | . . . 7 5 Ballistic Gun 17 | . 28 16 9 4 Launcher 3 | . . 5 7 4 Naked Turns . | . . . . . Heaviest Build 27 | 12 16 20 27 18 Greatest Support 60 | 40 40 60 43 20 Greatest Overweight (x) 5 | . . 4 1 5 Average Overweight (x) . | . . . . 1 Largest Inventory Capacity 10 | 8 8 8 10 10 Average Capacity 8 | 7 8 8 9 10 Most Carried 7 | 5 2 7 6 5 Average Carried 3 | . 1 4 4 2 Final Capacity 10 | 8 8 8 10 10 Final Carried 6 | . 2 6 5 2 Class Distribution -------------------- 75% | Mutant 24% | Scavenger-Mutant Dominant Class ---------------- Mutant | -10/Materials Mutant | -9/Materials Scavenger-Mutant | -8/Materials Mutant | -7/Factory Resources | -11 -10 -9 -8 -7 ----------- Run | Yrd Mat Mat Mat Fac Matter Collected 574 | 223 44 199 26 82 Remotely . | . . . . . Salvage Created 802 | . . 483 179 140 Parts 53 | . . 38 12 3 Haulers Intercepted 2 | . . . 1 1 Recyclers Shooed 1 | . . . 1 . Parts Field Recycled . | . . . . . Retrieved Matter . | . . . . . Parts Self-Destructed . | . . . . . Prevented . | . . . . . Kills | -11 -10 -9 -8 -7 ------- Run | Yrd Mat Mat Mat Fac Combat Hostiles Destroyed 27 | . . 14 10 3 Melee 1 | . . . . 1 Guns 10 | . . 6 3 1 AOE 16 | . . 8 7 1 Classes Destroyed 7 | . . 6 1 . Worker 2 | . . 2 . . Hauler 2 | . . . 1 1 Operator 1 | . . 1 . . Swarmer 10 | . . 3 7 . Grunt 14 | . . 8 3 3 Duelist 1 | . . 1 . . Sentry 2 | . . 2 . . Best Kill Streak 7 | . . 7 6 2 Combat Bots Only 5 | . . 5 5 1 Max Kills in Single Turn 4 | . . 4 2 1 Gunslinging . | . . . . . Exploded 3 | . . 3 1 1 Melee 1 | . . . . 1 Uniques/NPCs Destroyed . | . . . . . Combat | -11 -10 -9 -8 -7 -------- Run | Yrd Mat Mat Mat Fac Hostile Shots Fired 411 | . . 92 77 242 Missed 141 | . . 30 24 87 Damage Taken 3275 | . . 950 587 1738 Core 930 | . . 152 77 701 Absorbed by Shields 99 | . . . 99 . Core Remaining (%) 87 | 100 100 62 86 . Volleys Fired 42 | . 2 22 11 7 Largest 2 | . 2 2 2 2 Hottest 53 | . 40 53 53 53 Shots Fired 83 | . 4 44 22 13 Gun 62 | . 4 38 11 9 Cannon . | . . . . . Launcher 21 | . . 6 11 4 Special . | . . . . . Kinetic 56 | . 4 38 11 3 Thermal 6 | . . . . 6 Explosive 21 | . . 6 11 4 Electromagnetic . | . . . . . Robot Hit Streak 12 | . . 8 12 5 Robot Miss Streak 4 | . . 3 4 3 Penetration Max . | . . . . . Secondary Targets 4 | . . 3 . 1 Max Gunslinging Chain 1 | . . 1 . 1 Shots Hit Robots 59 | . . 34 11 14 Core Hits 64 | . . 32 22 10 Critical Kills . | . . . . . Critical Parts Destroyed . | . . . . . Critical Strikes . | . . . . . Melee Attacks 8 | . . . . 8 Impact . | . . . . . Slashing 8 | . . . . 8 Piercing . | . . . . . Sneak Attacks 1 | . . . . 1 Combat Hostiles . | . . . . . Follow-up Attacks . | . . . . . Damage Inflicted 1977 | . 26 865 516 570 Guns 646 | . . 425 109 112 Cannons . | . . . . . Explosions 1116 | . . 433 407 276 Melee 178 | . . . . 178 Ramming 37 | . 26 7 . 4 Kinetic 568 | . . 425 109 34 Thermal 78 | . . . . 78 Explosive 1116 | . . 433 407 276 Electromagnetic . | . . . . . Impact . | . . . . . Slashing 178 | . . . . 178 Piercing . | . . . . . Highest Corruption 3 | . . 3 . 1 Average Corruption 1 | . . 2 . 1 Corruption Purged . | . . . . . Corruption Blocked . | . . . . . Overload Shots . | . . . . . Overflow Damage 35 | . . 5 16 14 Projectiles . | . . . . . Explosions 21 | . . 5 16 . Melee 14 | . . . . 14 Knockbacks 2 | . 1 1 . . Impact 2 | . 1 1 . . Kinetic . | . . . . . Secondary . | . . . . . Self-Inflicted Damage 100 | . . 76 24 . Shots 4 | . . 3 1 . Rammed 7 | . 5 . . 2 Targets Rammed 11 | . 5 4 . 2 Kicked 4 | . . 4 . . Crushed . | . . . . . Highest Temperature 24 | . . 24 4 . Average Temperature 10 | . . 10 4 . Received Heat Transfer 1218 | . . 312 186 720 Siege Activations . | . . . . . Robots Corrupted . | . . . . . Combat Hostiles . | . . . . . Parts Fried . | . . . . . Impact Corruptions . | . . . . . Robots Melted . | . . . . . Combat Hostiles . | . . . . . Parts Melted . | . . . . . Heat Transferred 148 | . . . . 148 Parts Sabotaged . | . . . . . Parts Stolen . | . . . . . Parts Stripped . | . . . . . Power Chain Reactions . | . . . . . Alert | -11 -10 -9 -8 -7 ------- Run | Yrd Mat Mat Mat Fac Peak Influence 419 | . 30 375 419 217 Initial 172 | . . . 79 172 Average 109 | . 10 159 176 182 Maximum Alert Level 2 | . . 1 2 1 Low Security (%) 81 | 100 100 72 61 73 Level 1 17 | . . 27 32 26 Level 2 . | . . . 5 . Level 3 . | . . . . . Level 4 . | . . . . . Level 5 . | . . . . . High Security . | . . . . . Max Security . | . . . . . Squads Dispatched 7 | . 1 4 . 2 Investigation 1 | . . 1 . . Extermination 1 | . . . . 1 Reinforcement 5 | . 1 3 . 1 Assault . | . . . . . Garrison . | . . . . . Intercept . | . . . . . Searches Triggered . | . . . . . Construction Impeded 1 | . . 1 . . Haulers Reinforced 1 | . . . . 1 Active Scanning Responses . | . . . . . Cargo Convoy Interrupts . | . . . . . Stealth | -11 -10 -9 -8 -7 --------- Run | Yrd Mat Mat Mat Fac Distress Signals 1 | . . 1 . . Communications Jammed . | . . . . . Distress Signals . | . . . . . Times Spotted 42 | . 3 17 14 8 Peak Tracking Total 7 | . 2 4 7 5 Tactical Retreats . | . . . . . Traps | -11 -10 -9 -8 -7 ------- Run | Yrd Mat Mat Mat Fac Traps Triggered 3 | . . 3 . . Indirectly . | . . . . . Trap Hack Attempts . | . . . . . Triggered . | . . . . . Disarmed 1 | . . . . 1 Reprogrammed . | . . . . . Reused . | . . . . . Traps Extracted . | . . . . . Installed . | . . . . . Triggered . | . . . . . Machines | -11 -10 -9 -8 -7 ---------- Run | Yrd Mat Mat Mat Fac Machines Disabled 4 | . . . 4 . Max in Single Turn 2 | . . . 2 . Machines Repaired . | . . . . . Machines Dismantled . | . . . . . Machines Sabotaged . | . . . . . Overloaded Fab Kills . | . . . . . Hacking | -11 -10 -9 -8 -7 --------- Run | Yrd Mat Mat Mat Fac Machines Accessed 4 | . 1 1 . 2 Terminals 4 | . 1 1 . 2 Fabricators . | . . . . . Repair Stations . | . . . . . Recycling Units . | . . . . . Scanalyzers . | . . . . . Garrison Access . | . . . . . Total Hacks 9 | . 2 2 . 5 Successful 5 | . . 1 . 4 Failed 4 | . 2 1 . 1 Catastrophic . | . . . . . Database Lockouts . | . . . . . Manual . | . . . . . Terminals 9 | . 2 2 . 5 Fabricators . | . . . . . Repair Stations . | . . . . . Recycling Units . | . . . . . Scanalyzers . | . . . . . Garrison Access . | . . . . . Terminal Hacks 5 | . . 1 . 4 Locate Traps 1 | . . . . 1 Disarm Traps 1 | . . . . 1 Hauler Manifests 1 | . . . . 1 Zone Layout 2 | . . 1 . 1 Fabricator Hacks . | . . . . . Repair Station Hacks . | . . . . . Recycling Unit Hacks . | . . . . . Scanalyzer . | . . . . . Garrison Access Hacks . | . . . . . Unauthorized Hacks . | . . . . . Terminals . | . . . . . Fabricators . | . . . . . Repair Stations . | . . . . . Recycling Units . | . . . . . Scanalyzers . | . . . . . Garrison Access . | . . . . . Data Cores Recovered . | . . . . . Used . | . . . . . Hacking Detections 1 | . . . . 1 Full Trace Events . | . . . . . Feedback Events . | . . . . . Feedback Blocked . | . . . . . Robot Schematics Acquired . | . . . . . Robots Built . | . . . . . Authchips . | . . . . . Time . | . . . . . Total Robot Build Rating . | . . . . . Part Schematics Acquired . | . . . . . Parts Built . | . . . . . Authchips . | . . . . . Time . | . . . . . Total Part Build Rating . | . . . . . Parts Repaired . | . . . . . Time . | . . . . . Parts Recycled . | . . . . . Recycled Matter . | . . . . . Retrieved Matter . | . . . . . Retrieved Components . | . . . . . Parts Scanalyzed . | . . . . . Part Schematics Acquired . | . . . . . Parts Damaged . | . . . . . Bothacking | -11 -10 -9 -8 -7 ------------ Run | Yrd Mat Mat Mat Fac Used RIF Installer . | . . . . . Robots Hacked . | . . . . . Non-combat . | . . . . . Combat . | . . . . . Robot Hacks Applied . | . . . . . Relay Couplers Released . | . . . . . Fabnet Peak Effective % . | . . . . . Robots Rewired . | . . . . . Allies Hacked . | . . . . . Hacks Repelled . | . . . . . Allies | -11 -10 -9 -8 -7 -------- Run | Yrd Mat Mat Mat Fac Total Allies . | . . . . . Largest Group . | . . . . . Highest-Rated Group . | . . . . . Highest-Rated Ally . | . . . . . Total Orders . | . . . . . Ally Attacks . | . . . . . Total Damage . | . . . . . Kills . | . . . . . Allies Corrupted . | . . . . . Allies Melted . | . . . . . Intel | -11 -10 -9 -8 -7 ------- Run | Yrd Mat Mat Mat Fac Robot Analysis Total . | . . . . . Derelict Logs Recovered . | . . . . . Drone Launches . | . . . . . Drone Recoveries . | . . . . . Exploration | -11 -10 -9 -8 -7 ------------- Run | Yrd Mat Mat Mat Fac Turns Passed 1608 | 58 551 479 194 326 Spaces Moved 920 | 41 334 264 121 160 Core 29 | 16 . 8 . 5 Treads 484 | 25 334 114 . 11 Legs 364 | . . 142 121 101 Wheels . | . . . . . Hover . | . . . . . Flight 43 | . . . . 43 Fastest Speed 50 | 50 160 120 120 97 Average Speed 149 | 117 160 141 124 167 Slowest Speed 300 | 160 160 250 190 300 Overloaded Moves . | . . . . . Propulsion Burnouts . | . . . . . Robots Hopped . | . . . . . Cave-ins Triggered . | . . . . . Exploration Rate (%) 17 | 3 29 30 19 5 Regions Visited 4 Branch Regions . Pre-discovered Areas . | . . . . . Known Exits Taken . | . . . . . Unknown Exits Taken 4 | 1 1 1 1 . Scrap Searched . | . . . . . Spaces Dug . | . . . . . Terrain Destroyed 61 | . . 30 21 10 Melee . | . . . . . Projectile . | . . . . . AOE 61 | . . 30 21 10 Terrain Rammed . | . . . . . Walls Destroyed . | . . . . . Machines Disabled . | . . . . . Actions | -11 -10 -9 -8 -7 --------- Run | Yrd Mat Mat Mat Fac Total 1054 | 51 344 324 143 192 Wait 1 | . . . 1 . Move 916 | 40 333 263 120 160 Hop . | . . . . . Pick Up 35 | 5 3 17 4 6 Fast Attach 1 | 1 . . . . Attach 26 | 5 1 8 3 9 Detach . | . . . . . Swap 7 | . . 5 2 . Drop 7 | . . 5 2 . Fire 42 | . 2 22 11 7 Melee 8 | . . . . 8 Ram . | . . . . . Kick 4 | . . 4 . . Crush 7 | . 5 . . 2 Escape Stasis . | . . . . . Rewire . | . . . . . Trap . | . . . . . Miscellaneous . | . . . . . Route ------- -11/Scrapyard -10/Materials -9/Materials (discovered 2 exits: [*Mat] / [*Min]) -8/Materials -7/Factory History --------- Turn | Location | Event 10 | -11/Scrapyard | Discovered new exit (range 16) 59 | -11/Scrapyard | Entered Materials 242 | -10/Materials | Discovered new exit (range 16) 307 | -10/Materials | Build established: Mutant 610 | -10/Materials | Entered another Materials area 610 | -9/Materials | Evolved 2 slots: Propulsion x2 852 | -9/Materials | Discovered new exit (range 12) 880 | -9/Materials | Lost 5 parts (1p2n2w) 1050 | -9/Materials | Discovered new exit (range 15) 1089 | -9/Materials | Entered another Materials area 1089 | -8/Materials | Evolved 2 slots: Utility x2 1186 | -8/Materials | Build established: Scavenger-Mutant 1236 | -8/Materials | Discovered new exit (range 16) 1283 | -8/Materials | Entered Factory 1283 | -7/Factory | Evolved 2 slots: Power x1, Utility x1 1314 | -7/Factory | Lost 7 parts (2p3n1u1w) 1528 | -7/Factory | Lost 3 parts (1n2w) 1568 | -7/Factory | Core integrity fell below 50% 1570 | -7/Factory | Build established: Mutant 1584 | -7/Factory | Core integrity fell below 20% 1609 | -7/Factory | Lost 6 parts (2n3u1w) 1609 | -7/Factory | Destroyed by G-47 Trooper with Particle Gun Last Messages --------------- 01552_ Imp. Cesium-ion Thruster destroyed. 01552_ Hacking Suite destroyed. 01556_ Imp. Cesium-ion Thruster destroyed. 01557_ Critical hit (Burn: +37). 01559_ Targeting Computer destroyed. 01570_ M-28 Smith repairs G-47 Trooper. 01571_ P-60 Hacker resets Y-54 Guardian, system corruption cleaned. 01575_ M-28 Smith repairs G-47 Trooper. 01575_ Hcp. Matter Pod destroyed. 01578_ Katana destroyed. 01581_ P-60 Hacker resets Y-54 Guardian, system corruption cleaned. 01584_ Identified Cld. Pulse Rifle. 01586_ Slammed into G-47 Trooper. 01591_ M-28 Smith repairs G-47 Trooper. 01596_ G-47 Trooper destroyed. 01596_ Switching to secondary target: Y-54 Guardian. 01600_ Acquired 53 matter. Map ----- +----------------------------------------------------+ | # ###### "T" # #??????? | | # #????# # #?######+##???????? | | # #############+## #?# ?????????? | | # + #?# """ ""????????? | | # ########## # #?# """ """???????? | | # #???????# # ! ### """ """?? #??? | | # #????#### % ### #??? | | ########### [[ #?# """ """ ! #??? | | ????# = ### """ """ +??? | | ????# + """ """ #??? | | ????# ###### # #??? | | ???????????# # #??? | | ??????# """ + #??? | | ??????# # """ ### #??? | | ??????# ! # """ #?###/##+####+##??? | | ??????# ?# #???# #????????? | | ??????###??# "" #???# #????????? | | ???????????# "Y ##### #????????? | | ???????????# "" #????????? | | ??????? ??? #####/##???????? | | ??????????? # #???????? | | ??????????# g#### # #???????? | | ????????####+###/#??# # #???????? | | ????????# #??# # #???????? | | ????????? """" #??# + "T" #???????? | | ????????? """" @#??#### # """ #???????? | | ????????? """" #?????# ########???????? | | ????????? """" #???### ###????????? ?? | | ????????? """" ! #???# #T### #? | | ????????? """" g##### T ??? | | ????????? """" + "" ???? | | ????????# ##### #? | | ????????##########???# ##### #? | | ?????????????????????#######????? ?? | | ??????????????????????????????????? ??? | | ???????????????????????????????????? ???? | | ????????????????????????????????????????? | | ????????????????????????????????????????? | | ????????????????????????????????????????? | | ????????????????????????????????????????? | | ????????????????????????????????????????? | | ????????????????????????????????????????? | | ????????????????????????????????????????? | | ????????????????????????????????????????? | | ????????????????????????????????????????? | | ????????????????????????????????????????? | | ????????????????????????????????????????? | | ????????????????????????????????????????? | | ????????????????????????????????????????? | | ????????????????????????????????????????? | +----------------------------------------------------+ Best States ------------- Heat Dissipation 34 Energy Generation 14 Energy Capacity 265 Matter Stores 350 Matter Capacity 500 Sight Range 16 Terrain Scan Density 10 Evasion (%) 55 Targeting Accuracy 5 Recoil Reduction 3 Offensive Hacking 10 Item Schematics ----------------- None Robot Schematics ------------------ None Fabricated ------------ Nothing Alien Tech Used ----------------- None Achievements -------------- None Challenges ------------ None Game ------ Seed HeatBiometalSteel Manual? 0 Play Time 00:17:35 Cumulative 30.8 hours Start 2024.07.08 @ 09:59:09 End 2024.07.08 @ 10:15:37 Sessions 1 Manual Loads 0 Difficulty Rogue Special Mode None Game No. 97 Rogue 97 Adventurer 0 Explorer 0 Win Type - Total 0 Types 0/0/0/0/0/0/0/0/0 Lore% 18 Gallery% 33 Achievement% 23 Wizard Run 0 Options --------- Layout 1 ASCII 0 Keyboard 0 Movement Arrows Keybinds 0 Fullscreen 1 Font 16/SmallcapsGlow Map View 25x20 Zoom Use 91% Tactical HUD 1 Map Filters NONE Filters NONE Steam SD RUN: f1d6f4cb-c38d-43a1-8a84-5617ac7454f7